 Dungeon Crawl Stone Soup version 0.30-a0-371-gad7725a93e (webtiles) character file.

Game seed: 1739165289843966339

3371 retardedninja the Protected (level 9, -8/124 HPs)
             Began as a Minotaur Fighter on Nov 21, 2022.
             Was an Initiate of Gozag.
             Mangled by an efreet
             ... wielding a +0 scimitar of flaming
              (10 damage)
             ... on level 8 of the Dungeon.
             The game lasted 00:12:02 (8592 turns).

retardedninja the Protected (Minotaur Fighter)      Turns: 8592, Time: 00:12:03

Health: -8/124     AC: 24    Str: 24    XL:     9   Next: 73%
Magic:  8/8        EV:  2    Int:  5    God:    Gozag
Gold:   1045       SH:  0    Dex: 17    Spells: 8/8 levels left

rFire   . . .      SeeInvis .    i - +0 battleaxe
rCold   . . .      Faith    .    (shield currently unavailable)
rNeg    . . .      Spirit   .    (body armour currently unavailable)
rPois   +          Reflect  .    (helmet currently unavailable)
rElec   .          Harm     .    (cloak currently unavailable)
rCorr   .          Rampage  .    (gloves currently unavailable)
Will    .....      NoTele   +    (boots currently unavailable)
Stlth   ++........               (no amulet)
HPRegen 0.40/turn                m - +6 ring of dexterity
MPRegen 0.11/turn                (no ring)

@: tree-form
A: stationary, stasis, torment immunity, boosted hp, (horns 2), (retaliatory
headbutt)
a: Renounce Religion, Potion Petition, Call Merchant, Bribe Branch


You were on level 8 of the Dungeon.
You worshipped Gozag.
Gozag was most pleased with you.
You were a tree.
You visited 2 branches of the dungeon, and saw 9 of its levels.

You collected 1120 gold pieces.
You paid 75 gold pieces to Gozag.

Inventory:

Hand Weapons
 i - a +0 battleaxe (weapon)
Missiles
 n - 2 throwing nets
 w - 2 boomerangs of dispersal (quivered)
Armour
 a - a +1 plate armour (melded)
 p - a +0 cloak (melded)
 A - a +0 pair of boots (melded)
Jewellery
 m - a +6 ring of dexterity (left branch)
Wands
 d - a wand of digging (8)
 e - a wand of charming (1)
 g - a wand of polymorph (20)
Scrolls
 k - 5 scrolls of fear
Potions
 c - a potion of heal wounds
 f - 3 potions of curing
 h - 2 potions of cancellation
 j - a potion of magic
 l - a potion of degeneration
 o - a potion of flight
 q - 3 potions of ambrosia
 u - a potion of berserk rage {unknown}
 v - a potion of resistance {unknown}
 x - a potion of mutation {unknown}
 z - 2 potions of lignification


   Skills:
 + Level 9.1 Fighting
 + Level 8.6 Axes
 + Level 9.1 Armour
 + Level 9.1 Shields


You had 8 spell levels left.
You didn't know any spells.
Your spell library contained the following spells:

 Spells                   Type           Power      Damage    Failure   Level
 Magic Dart               Conj           0%         1d3       47%         1
 Necrotise                Necr           0%         1d4       47%         1
 Blink                    Tloc           0%         N/A       63%         2
 Call Imp                 Summ           0%         N/A       63%         2
 Momentum Strike          Conj/Tloc      0%         3d8       63%         2
 Lesser Beckoning         Tloc           0%         N/A       85%         3
 Mephitic Cloud           Conj/Pois/Air  0%         N/A       85%         3
 Vampiric Draining        Necr           0%         2d6       85%         3
 Agony                    Necr           0%         N/A       100%        5
 Fireball                 Conj/Fire      0%         3d3       100%        5
 Iskenderun's Battlesphe  Conj           0%         2d6       100%        5
 Conjure Ball Lightning   Conj/Air       0%         3x3d6     100%        6
 Orb of Destruction       Conj           0%         9d5       100%        7


Dungeon Overview and Level Annotations

Branches:
Dungeon (8/15)             Temple (1/1) D:4
   Lair: D:8-11

Altars:
Ashenzari
Cheibriados
Dithmenos
Fedhas
Gozag
Kikubaaqudgha
Makhleb
Okawaru
Qazlal
Ru
Sif Muna
Trog
Uskayaw
Vehumet
Xom
Yredelemnul
Zin
The Shining One


Innate Abilities, Weirdness & Mutations

You are a tree.
Your roots penetrate the ground, keeping you stationary.
You cannot be teleported.
You are immune to unholy pain and torment.
Your maximum health is greatly increased.
Your equipment is partially melded.
((You have a pair of horns on your head.))
((You reflexively headbutt those who attack you in melee.))


Message History

The efreet gestures at you.
The bolt of fire hits you but does no damage.
The two-headed ogre shouts in stereo!
You barely miss the two-headed ogre.
The two-headed ogre is no longer distracted by gold.
The two-headed ogre is moderately wounded.
You barely miss the efreet. The efreet hits you but does no damage.
The two-headed ogre is distracted by your dazzling golden aura.
The efreet is distracted by your dazzling golden aura.
The two-headed ogre shouts in stereo!
You hit the two-headed ogre.
The two-headed ogre is no longer distracted by gold.
The two-headed ogre is moderately wounded.
You barely miss the efreet.
The efreet is no longer distracted by gold.
The two-headed ogre hits you with a +0 dire flail.
The two-headed ogre hits you with a +0 giant club!
The efreet hits you but does no damage.
You hit the two-headed ogre.
The two-headed ogre is heavily wounded.
You slice the efreet!! The efreet hits you but does no damage.
The two-headed ogre hits you with a +0 dire flail!
The two-headed ogre hits you but does no damage.
Unknown command.
You hit the two-headed ogre.
The two-headed ogre is heavily wounded.
You hit the efreet but do no damage. The efreet gestures at you.
The bolt of fire hits you!
* * * LOW HITPOINT WARNING * * *
You slash the efreet!
The efreet is almost dead.
You barely miss the two-headed ogre. The efreet hits you but does no damage.
The two-headed ogre hits you with a +0 dire flail!
* * * LOW HITPOINT WARNING * * *
The two-headed ogre hits you with a +0 giant club!
* * * LOW HITPOINT WARNING * * *
The efreet hits you with a +0 scimitar of flaming!
You die...
Your body crumbles into a pile of gold.

###......
###....#.#..#
###....###.#..#
###....### .....#
###....###.. .....#
#?...###}...##....#
###....###........#
###...^###..OR..#
###....###♣# #
###....#.#.!#
###.......#
###.....# ###.#.#
.#.# .. # ##. .#


You could see a two-headed ogre and an efreet.

Vanquished Creatures
  Joseph (D:7)
  A komodo dragon (D:8)
  A wyvern (D:7)
  A steam dragon (D:8)
  2 sky beasts
  An orc warrior (D:7)
  An ice beast (D:6)
  2 black bears (D:4)
  A centaur (D:8)
  An ogre (D:6)
  A kobold brigand (D:7)
  A gnoll sergeant (D:5)
  4 bullfrogs
  4 scorpions
  A howler monkey (D:6)
  3 hounds
  3 gnoll boudas
  6 orc priests
  A jelly (D:8)
  3 iguanas
  7 orc wizards
  23 gnolls
  9 adders
  A white imp (D:7)
  2 ufetubi
  2 worms
  3 dart slugs
  34 orcs
  6 bats
  8 endoplasms
  3 giant cockroaches
  15 hobgoblins
  6 jackals
  6 quokkas
  8 ball pythons
  4 frilled lizards
  15 goblins
  19 kobolds
  4 rats
214 creatures vanquished.

Vanquished Creatures (others)
  An orc wizard (D:4)
1 creature vanquished.

Grand Total: 215 creatures vanquished

Notes
Turn   | Place    | Note
-------+----------+-------------------------------------------
     0 | D:1      | retardedninja the Minotaur Fighter began the quest for the
                  | Orb.
     0 | D:1      | Reached XP level 1. HP: 19/19 MP: 0/0
    83 | D:1      | Reached XP level 2. HP: 22/27 MP: 1/1
   502 | D:1      | Reached XP level 3. HP: 33/33 MP: 2/2
   865 | D:2      | Identified the +4 leather armour "Deick" {Str+4 SInv}
   903 | D:2      | Reached XP level 4. HP: 38/40 MP: 3/3
  1232 | D:3      | Found an iron altar of Okawaru.
  1544 | D:3      | Reached XP level 5. HP: 36/47 MP: 4/4
  1926 | D:4      | Reached skill level 5 in Fighting
  1926 | D:4      | Reached skill level 5 in Armour
  1926 | D:4      | Reached skill level 5 in Shields
  2024 | D:4      | Reached XP level 6. HP: 56/56 MP: 5/5
  2991 | D:4      | Found a staircase to the Ecumenical Temple.
  3013 | D:4      | Reached skill level 5 in Axes
  3013 | D:4      | Reached XP level 7. HP: 18/62 MP: 6/6
  3260 | Temple   | Entered the Ecumenical Temple
  3278 | Temple   | Became a worshipper of Gozag Ym Sagoz the Greedy
  3653 | D:5      | Entered Level 5 of the Dungeon
  3703 | D:5      | Identified the -2 tower shield of Xom's Pride {Str+3}
  4381 | D:5      | Found an ancient bone altar of Kikubaaqudgha.
  4493 | D:5      | Noticed a water elemental
  4494 | D:5      | Found a stormy altar of Qazlal.
  4535 | D:5      | Noticed an air elemental
  4535 | D:5      | Noticed a fire elemental
  4592 | D:5      | Reached XP level 8. HP: 41/71 MP: 7/7
  5021 | D:6      | Found a burning altar of Makhleb.
  5288 | D:6      | Found a blossoming altar of Fedhas.
  6838 | D:7      | Noticed Joseph
  6849 | D:7      | Reached XP level 9. HP: 36/81 MP: 8/8
  6861 | D:7      | Killed Joseph
  7204 | D:7      | Found a broken altar of Ashenzari.
  8466 | D:8      | Noticed a komodo dragon
  8474 | D:8      | Killed a komodo dragon
  8564 | D:8      | Identified the +7 short sword "Arbiter" {spect, Fragile rC+
                  | Will+}
  8581 | D:8      | Noticed a two-headed ogre
  8581 | D:8      | Noticed an efreet
  8592 | D:8      | HP: 2/124 [two-headed ogre/+0 dire flail (11)]
  8592 | D:8      | Mangled by an efreet

Illustrated notes

Levels and vault maps discovered:
D:1:      beargit_arrival_greenhouse, layout_loops_ring
D:2:      layout_rooms, grunt_ministairs_12
D:3:      cheibrodos_greedy_goblins, layout_rooms, okawaru_gym_becter,
          minmay_diced_spiral
D:4:      layout_cave_pools, temple_green, bh_walls_and_bars
D:5:      layout_gridville, nicolae_kikubaaqudgha_miasma_corner,
          nicolae_qazlal_style_of_elements
D:6:      layout_basic, mainiacjoe_overflow_catwalk, mainiacjoe_overflow_paths
D:7:      layout_rooms, nicolae_ashenzari_panopticon, uniq_joseph
D:8:      minmay_tri_box, layout_loops_ring, mainiacjoe_overflow_boulevard,
          nzn_hepliaklqana_mist_gate, nzn_wu_jian_council_hall,
          ebering_ghost_gozag, enter_ossuary_1, uniq_psyche, uniq_erica
Temple:   cyrus_circular_temple

Skill      XL: |  1  2  3  4  5  6  7  8  9 |
---------------+----------------------------+-----
Fighting       | 4 5 6 7 9 |  9.1
Shields        | 4 5 6 8 9 |  9.1
Armour         | 4 5 6 7 9 |  9.1
Axes           | 3 4 5 6 7 8 |  8.6

Action                   |  1- 3 |  4- 6 |  7- 9 || total
-------------------------+-------+-------+-------++-------
Melee: War axe           |    93 |   139 |   217 ||   449
       Headbutt          |     9 |    14 |    61 ||    84
       Battleaxe         |       |       |    47 ||    47
  Use: Potion            |       |     3 |     6 ||     9
       Scroll            |       |       |    21 ||    21
Armor: Scale mail        |    48 |    79 |       ||   127
       Chain mail        |       |       |   161 ||   161
       Plate armour      |       |       |    23 ||    23
       Skin              |       |       |    13 ||    13
Dodge: Dodged            |    47 |    67 |   104 ||   218
Block: Buckler           |    25 |    36 |    60 ||   121

Table legend: (Time is in decaauts)
 A = Elapsed time spent in this place.
 B = Non-inter-level travel time spent in this place.
 C = Inter-level travel time spent in this place.
 D = Time resting spent in this place.
 E = Time spent auto-exploring this place.
 F = Levels seen in this place.
 G = Mean time per level.
                   A        B        C        D        E       F      G
               +--------+--------+--------+--------+--------+-----+--------+
         Total |   8718 |   8230 |    488 |   2928 |   3933 |   9 |  968.7 |
       Dungeon |   8685 |   8211 |    474 |   2928 |   3926 |   8 | 1085.6 |
        Temple |     33 |     19 |     14 |      0 |      7 |   1 |   33.0 |
               +--------+--------+--------+--------+--------+-----+--------+

Top non-repeatable levels by time:
     D:4: 1993 daAuts
     D:7: 1730 daAuts
     D:6: 1625 daAuts
     D:5: 1132 daAuts
     D:3: 809 daAuts
     D:1: 750 daAuts
     D:2: 474 daAuts
     D:8: 167 daAuts
  Temple: 33 daAuts
